 Dungeon Crawl Stone Soup version 0.25.1-2-g60ff931df9 (webtiles) character file.

Game seed: 8925765444439116751

238 GameOver the Conjurer (level 6, 49/49 HPs)
             Began as a Naga Wizard on Oct 14, 2020.
             Got out of the dungeon alive.
             The game lasted 00:12:39 (2243 turns).

GameOver the Conjurer (Naga Wizard)                 Turns: 2243, Time: 00:12:40

Health: 49/49      AC:  4    Str: 10    XL:     6   Next: 7%
Magic:  10/10      EV: 10    Int: 20    God:
Gold:   50         SH:  0    Dex:  9    Spells: 2/11 levels left

rFire    . . .     SeeInvis +   c - +0 spear
rCold    + . .     Gourm    .   (no shield)
rNeg     . . .     Faith    .   a - +0 robe
rPois    +         Spirit   .   b - +0 helmet
rElec    .         Reflect  .   (no cloak)
rCorr    .         Harm     .   (no gloves)
MR       .....                  (no barding)
Stlth    ++........             (no amulet)
HPRegen  0.16/turn              m - ring of protection from cold
MPRegen  0.12/turn              (no ring)

@: very slow
A: large, see invisible, deformed body, poison resistance, slowness 2, slow
metabolism 1, spit poison 1, AC +2
a: Spit Poison


You escaped.
You were hungry.

You visited 1 branch of the dungeon, and saw 4 of its levels.

You collected 50 gold pieces.

Inventory:

Hand Weapons
 c - a +0 spear (weapon)
 l - a +0 hand crossbow
Armour
 a - a +0 robe (worn)
 b - a +0 helmet (worn)
Jewellery
 m - a ring of protection from cold (left hand)
 p - an uncursed amulet of guardian spirit
Scrolls
 f - 2 scrolls of enchant weapon
 g - 3 scrolls of teleportation
 h - a scroll of amnesia
 j - a scroll of blinking
 n - a scroll of immolation {unknown}
 o - a scroll of identify
Potions
 e - a potion of curing {unknown}
 i - a potion of cancellation {unknown}
 k - a potion of magic {unknown}
 q - a potion of heal wounds {unknown}
 r - a potion of might {unknown}
Comestibles
 d - 3 rations


   Skills:
 - Level 1.5 Dodging
 - Level 3.0 Stealth
 - Level 3.0 Spellcasting
 * Level 5.0 Conjurations
   Level 1.0 Summonings
 - Level 1.0 Translocations
 + Level 3.5 Poison Magic


You had 2 spell levels left.
You knew the following spells:

 Your Spells              Type           Power        Failure   Level  Hunger
a - Magic Dart            Conj           ###.         1%          1    None
b - Blink                 Tloc           N/A          14%         2    ##.....
d - Mephitic Cloud        Conj/Pois/Air  ##......     13%         3    ###....
f - Conjure Flame         Conj/Fire      ##......     16%         3    ###....

Your spell library contained the following spells:

 Spells                   Type           Power        Failure   Level  Hunger
 Call Imp                 Summ           #.......     14%         2    ##.....
 Slow                     Hex            #.......     22%         2    ##.....


Dungeon Overview and Level Annotations

Branches:
Dungeon (4/15)
 Temple: D:4-7

Altars:
Xom


Innate Abilities, Weirdness & Mutations

You cannot wear boots.
Your serpentine skin is tough. (AC +2)
You have supernaturally acute eyesight. (SInv)
Armour fits poorly on your strangely shaped body.
Your system is resistant to poisons. (rPois)
You cover ground very slowly.
You have a slow metabolism.
You can spit poison.


Message History

What level of the Dungeon? (default 1, ? - help)
There is a large open door here.
There is a stone staircase leading up here.
You climb upwards.
There is a stone staircase leading down here.
Magic restored.
There is a stone staircase leading up here.
You are feeling hungry.
You climb upwards.
There is a stone staircase leading down here.
(D) Dungeon
Where to? (Enter - D:1, ? - help)
There is a stone staircase leading up here.
You climb upwards.
There is a stone staircase leading down here.
There is a staircase leading out of the dungeon here.
Are you sure you want to leave the Dungeon?
This will make you lose the game! [Y]es or [N]o only, please.
Are you sure you want to leave the Dungeon?
This will make you lose the game!
You have escaped!

.# #..############### #.# ##
#.......[........# #.#
##.#.............# #.#
##.#.##########..# #.#
#....#........#..# #.#
#.##.#.##.....#..# #.#
#.#..#>.#.....#..# ##.##
#.#..##.#.##..#..# #...#
#######.#.....#.@#..#.##
###.#.#
........#.....##.#.##.#
#...#..
#######.#........#....#
#.##### ##.##########.##.#
#...#.. ##.............##.#
#.#.#.# ###.#.#.#.##..#####.#
#.#>..# ###.............# #.#
#.#####
....#.#.#.###...#####.#####.#
######...###................#


There were no monsters in sight!

Vanquished Creatures
  A scorpion (D:3)
  An orc wizard (D:3)
  A worker ant (D:4)
  4 gnolls (D:2)
  4 adders (D:3)
  An ooze (D:3)
  2 worms
  A leopard gecko (D:2)
  4 orcs (D:3)
  3 giant cockroaches
  6 goblins
  5 hobgoblins
  A ball python (D:3)
  5 bats
  4 frilled lizards
  7 kobolds
  3 rats
53 creatures vanquished.

Notes
Turn   | Place    | Note
-------+----------+-------------------------------------------
     0 | D:1      | GameOver the Naga Wizard began the quest for the Orb.
     0 | D:1      | Reached XP level 1. HP: 15/15 MP: 4/4
   581 | D:2      | Reached skill level 2 in Conjurations
   581 | D:2      | Reached XP level 2. HP: 22/22 MP: 3/6
   951 | D:2      | Reached XP level 3. HP: 20/28 MP: 3/7
   955 | D:2      | Learned a level 2 spell: Blink
   959 | D:2      | Learned a level 3 spell: Mephitic Cloud
  1016 | D:2      | Reached skill level 3 in Conjurations
  1031 | D:2      | Reached skill level 1 in Poison Magic
  1054 | D:2      | Reached XP level 4. HP: 36/36 MP: 1/8
  1357 | D:2      | Learned a level 3 spell: Conjure Flame
  1580 | D:3      | Reached skill level 4 in Conjurations
  1580 | D:3      | Reached XP level 5. HP: 38/42 MP: 3/9
  1723 | D:3      | Found a shimmering altar of Xom.
  2144 | D:4      | Reached skill level 5 in Conjurations
  2144 | D:4      | Reached XP level 6. HP: 47/49 MP: 5/10
  2243 | D:$      | Got out of the dungeon alive.

Illustrated notes

Levels and vault maps discovered:
D:1:      ebering_trefoil_twist, layout_loops_ring
D:2:      layout_basic, grunt_ministairs_12, minmay_quadrilaterals
D:3:      layout_basic, xom_teletrap_fun
D:4:      layout_basic

Skill      XL: |  1  2  3  4  5 |
---------------+----------------+-----
Conjurations   | 2 3 4 5 |  5.0
Poison Magic   | 1 2 3 |  3.5
Dodging        | |  1.5
Stealth        | |  3.0
Spellcasting   | |  3.0
Summonings     | |  1.0
Translocations | |  1.0

Action                   |  1- 3 |  4- 6 || total
-------------------------+-------+-------++-------
Melee: Spear             |     2 |     2 ||     4
 Cast: Magic Dart        |    24 |    40 ||    64
       Mephitic Cloud    |       |     3 ||     3
 Abil: Spit Poison       |    28 |    25 ||    53
  Use: Scroll            |     4 |     1 ||     5
 Stab: Sleeping          |     1 |       ||     1
       Confused          |       |     1 ||     1
  Eat: Chunk             |     1 |     5 ||     6
Armor: Robe              |     4 |     6 ||    10
Dodge: Dodged            |     8 |     5 ||    13
